 Dungeon Crawl Stone Soup version 0.15-a0-462-gf669498 (webtiles) character file.

235 Infinimo the Firebug (level 5, -2/28 HPs)
             Began as a Tengu Fire Elementalist on May 7, 2014.
             Killed from afar by an orc wizard (12 damage)
             ... with a magic dart
             ... on Level 3 of the Dungeon.
             The game lasted 00:06:05 (3165 turns).

Infinimo the Firebug (Tengu Fire Elementalist)      Turns: 3165, Time: 00:06:06

HP  -2/28        AC  4     Str  9      XL: 5   Next:  6%
MP   8/13        EV 12     Int 16      God:
Gold 113         SH  0     Dex 14      Spells:  2 memorised,  6 levels left

rFire  . . .     SeeInvis .     (no weapon)
rCold  . . .     Clarity  .     a - +0 robe
rNeg   . . .     Conserve .     (no shield)
rPois  .         rCorr    .     (helmet restricted)
rElec  .         rRot     .     d - +1 cloak
SustAb . .       Spirit   .     (no gloves)
rMut   .         Warding  .     (boots unavailable)
Saprov . . .     Stasis   .     (no amulet)
MR     .....                    (no ring)
                                (no ring)

@: not resistant to hostile enchantments, unstealthy
A: able to fly, beak, talons 3
a: Fly


You were on level 3 of the Dungeon.
You were hungry.

You visited 1 branch of the dungeon, and saw 3 of its levels.

You collected 113 gold pieces.

Inventory:

Armour
 a - a +0 robe (worn)
 d - a +1 cloak (worn)
Comestibles
 c - 2 bread rations
 j - an apple
 k - a pear
 q - a choko
 r - a chunk of orc flesh
Scrolls
 e - a scroll of recharging {unknown}
 f - a scroll of teleportation {unknown}
 i - 2 scrolls of amnesia
 l - a scroll of identify {unknown}
 o - a scroll of remove curse {unknown}
Potions
 g - a potion of curing {unknown}
 h - a potion of heal wounds {unknown}
 m - a potion of paralysis {unknown}
 n - a potion of brilliance
 p - 2 potions of flight {unknown}
Books
 b - a book of Flames

   Spells                             Type                      Level
   *Flame Tongue                      Conjuration/Fire             1
   Throw Flame                        Conjuration/Fire             2
   *Conjure Flame                     Conjuration/Fire             3
   Inner Flame                        Hexes/Fire                   3
   Sticky Flame                       Conjuration/Fire             4
   Fireball                           Conjuration/Fire             5


   Skills:
 - Level 2.1 Dodging
 - Level 2.0 Stealth
 + Level 3.0 Spellcasting
 * Level 3.8 Conjurations
 * Level 4.4 Fire Magic


You had 6 spell levels left.
You knew the following spells:

 Your Spells              Type           Power        Failure   Level  Hunger
a - Flame Tongue          Conj/Fire      ###..        4%          1    #......
b - Conjure Flame         Conj/Fire      ###.....     12%         3    ###....


Dungeon Overview and Level Annotations

Branches:
Dungeon (3/15)

Altars:
Okawaru
Yredelemnul


Innate Abilities, Weirdness & Mutations

You can fly.
You have a beak for a mouth.
You have claws for feet.


Message History

Casting: Flame Tongue
Confirm with . or Enter, or press ? or * to list all spells.
Aiming: Flame Tongue
Press: ? - help, Shift-Dir - straight line, f/p - orc
Aim: an orc, wielding a runed war axe and wearing a ring mail The flame tongue hits the orc.
You kill the orc!
You are feeling hungry.
You hear some strange, mumbled words.
The magic dart hits you!
Casting: Flame Tongue
Confirm with . or Enter, or press ? or * to list all spells.
You can't see any susceptible monsters within range! (Use Z to cast anyway.)
Casting: Flame Tongue
Confirm with . or Enter, or press ? or * to list all spells.
Aiming: Flame Tongue
Press: ? - help, Shift-Dir - straight line Something hits you.
The magic dart hits you!
You die...

S........ #.........
#.......... #..[.......
#........... #............ .
###..........# ...####
####.%S.........# .......
#..@##.##......#
.......##...##.........#
.............##.##......#
.....##.....(........#.#
#.....##.#...##.......#.#
.......##.#.........#....#
......<.##.#.........#....#
........##.#.........##...#####
...........#.........##........


You could see an adder.

Vanquished Creatures
  4 adders
  A worm (D:2)
  2 giant geckos
  An ooze (D:2)
  4 orcs
  A giant cockroach (D:1)
  8 hobgoblins
  3 jackals (D:2)
  9 kobolds
  A ball python (D:2)
  4 bats
  A giant newt (D:1)
  11 goblins
  26 rats
76 creatures vanquished.

Notes
Turn   | Place    | Note
--------------------------------------------------------------
     0 | D:1      | Infinimo, the Tengu Fire Elementalist, began the quest for the Orb.
     0 | D:1      | Reached XP level 1. HP: 10/10 MP: 3/3
   345 | D:1      | Reached XP level 2. HP: 15/15 MP: 3/5
   904 | D:1      | Reached XP level 3. HP: 19/19 MP: 5/7
  1550 | D:2      | Reached skill level 4 in Fire Magic
  1550 | D:2      | Reached XP level 4. HP: 16/24 MP: 0/9
  1997 | D:2      | Found an iron altar of Okawaru.
  2649 | D:2      | Learned a level 3 spell: Conjure Flame
  2714 | D:2      | Found a basalt altar of Yredelemnul.
  3035 | D:3      | Reached XP level 5. HP: 22/28 MP: 6/12
  3165 | D:3      | Killed from afar by an orc wizard

Action                   |  1- 3 |  4- 6 || total
-------------------------+-------+-------++-------
Melee: Unarmed           |    13 |       ||    13
 Cast: Flame Tongue      |    79 |    60 ||   139
  Use: Scroll            |     4 |       ||     4
       Potion            |     2 |       ||     2
